 Dungeon Sprint DCSS version 0.22-a0-422-g9628fc87f1 (webtiles) character file.

10 Denreik the Shield-Bearer (level 2, -15/25 HPs)
             Began as a Formicid Fighter on May 19, 2018.
             Demolished by a merfolk siren
             ... wielding a +0 trident
              (20 damage)
             ... in the Dungeon (Sprint II: "The Violet Keep of Menkaure").
             The game lasted 00:01:10 (202 turns).

Denreik the Shield-Bearer (Formicid Fighter)         Turns: 202, Time: 00:01:11

Health: -15/25     AC:  6    Str: 20    XL:     2   Next: 30%
Magic:  2/2        EV:  8    Int:  7    God:
Gold:   0          SH: 10    Dex: 10    Spells: 1/1 levels left

rFire    . . .     SeeInvis +   a - +0 quarterstaff
rCold    . . .     Gourm    .   c - +0 shield
rNeg     . . .     Faith    .   b - +0 scale mail
rPois    .         Spirit   .   (helmet unavailable)
rElec    .         Reflect  .   (no cloak)
rCorr    .         Harm     .   (no gloves)
MR       .....                  (no boots)
Stlth    ..........             (no amulet)
HPRegen  0.08/turn              (no ring)
MPRegen  0.08/turn              (no ring)

@: mesmerised
A: permanent stasis, dig shafts and tunnels, four strong arms, antennae 3
a: Dig


You were in the Dungeon.
You were not hungry.

You visited 1 branch

Inventory:

Hand Weapons
 a - a +0 quarterstaff (weapon)
Armour
 b - a +0 scale mail (worn)
 c - a +0 shield (worn)
Scrolls
 k - a scroll of blinking
Potions
 d - a potion of might
 e - a potion of curing
 g - a potion of heal wounds
 h - a potion of haste
 i - 2 potions of magic
 j - a potion of berserk rage
Comestibles
 f - a ration
 l - 5 chunks of flesh


   Skills:
 * Level 3.7 Fighting
 - Level 2.0 Staves
 - Level 3.2 Armour
 - Level 6.0 Shields


You had one spell level left.
You didn't know any spells.
Your spell library was empty.

Dungeon Overview and Level Annotations

Branches:
Dungeon (1/1)

Altars:


Innate Abilities, Weirdness & Mutations

You cannot be hasted, slowed, berserked, paralysed or teleported.
You can dig through walls and to a lower floor.
Your four strong arms can wield two-handed weapons with a shield.
You have a pair of large antennae on your head. (SInv)


Message History

The merfolk siren is severely wounded.
The merfolk siren chants its luring song.
Okay, then.
Your shield and scale mail prevent you from hitting the merfolk siren.
The merfolk siren is severely wounded.
The merfolk siren hits you but does no damage.
Your shield and scale mail prevent you from hitting the merfolk siren.
The merfolk siren is severely wounded.
The merfolk siren chants its luring song. x2
You hit the merfolk siren but do no damage.
The merfolk siren is severely wounded.
The merfolk siren chants its luring song.
You barely miss the merfolk siren.
The merfolk siren is severely wounded.
The merfolk siren chants its luring song.
You hit the merfolk siren.
The merfolk siren is almost dead.
The merfolk siren hits you with a trident!!
Ouch! That really hurt!
You die...

{ { ## { ##
.## #.# ..#
## #.#.# #
##.###'# {##
#...##.##.w{#
+.#$'.<.+#
#.m@##.##.w{#
##.###+# {##{
##


H#H # .# #. ## ## { You could see a merfolk siren.

Vanquished Creatures
  3 worms (D)
3 creatures vanquished.

Vanquished Creatures (others)
  Menkaure (D)
  A crocodile (D)
2 creatures vanquished.

Grand Total: 5 creatures vanquished

Notes
Turn   | Place    | Note
-------+----------+-------------------------------------------
     0 | D        | Denreik the Formicid Fighter began the quest for the Orb.
     0 | D        | Reached XP level 1. HP: 18/18 MP: 1/1
     1 | D        | Noticed a tyrant leech
     1 | D        | Noticed a tyrant leech
    11 | D        | Reached skill level 5 in Shields
    11 | D        | Killed a crocodile
    22 | D        | Reached XP level 2. HP: 15/24 MP: 2/2
    22 | D        | Killed Menkaure
    27 | D        | Reached skill level 6 in Shields
   178 | D        | Noticed a hippogriff
   178 | D        | Noticed a hippogriff
   181 | D        | Noticed a merfolk siren
   202 | D        | Demolished by a merfolk siren

Vault maps used:
D:        the_violet_keep_of_menkaure

Skill      XL: |  1  2 |
---------------+-------+-----
Shields        | 5 6 |  6.0
Fighting       | |  3.7
Staves         | |  2.0
Armour         | |  3.2

Action                   || total
-------------------------++-------
Melee: Quarterstaff      ||    38
Armor: Scale mail        ||     1
Dodge: Dodged            ||     5
Block: Shield            ||     3

Table legend:
 A = Spawn XP
 B = Non-spawn XP
 C = Spawn XP percentage of total XP
 D = Spawn monster count
 E = Non-spawn monster count
 F = Spawn count percentage of total count
 G = Total turns spent on level
                    A         B        C        D         E        F      G
               +---------+---------+-------+---------+---------+-------+---------
         Total |       0 |      15 |   0.0 |       0 |       3 |   0.0 |   202
               +---------+---------+-------+---------+---------+-------+---------
             D |       0 |      15 |   0.0 |       0 |       3 |   0.0 |   202
               +---------+---------+-------+---------+---------+-------+---------
